 Dungeon Crawl Stone Soup version 0.29-a0-322-g68df515428 (webtiles) character file.

Game seed: 9533605450642282622

1424 sanka the Chopper (level 8, 0/67 HPs)
             Began as a Gnoll Cinder Acolyte on Apr 8, 2022.
             Was a High Priest of Ignis.
             Slain by an unseen horror (8 damage)
             ... on level 5 of the Dungeon.
             The game lasted 00:07:48 (6416 turns).

sanka the Chopper (Gnoll Cinder Acolyte)            Turns: 6416, Time: 00:07:49

Health: 0/67       AC:  2    Str: 13    XL:     8   Next: 72%
Magic:  1/14       EV: 16    Int: 14    God:    Ignis [*****.]
Gold:   12         SH:  0    Dex: 10    Spells: 14/16 levels left

rFire   + . .      SeeInvis .   t - +0 battleaxe
rCold   . . .      Faith    .   (shield currently unavailable)
rNeg    . . .      Spirit   .   b - +0 robe
rPois   .          Reflect  .   (no helmet)
rElec   .          Harm     .   (no cloak)
rCorr   .          Rampage  .   (no gloves)
Will    .....                   (no boots)
Stlth   ++........              (no amulet)
HPRegen 0.21/turn               (no ring)
MPRegen 0.14/turn               v - +4 ring of evasion

@: lethally poisoned (0 -> -2)
A: fangs 1, strong nose, distributed training
a: Renounce Religion, Fiery Armour, Foxfire Swarm, Rising Flame


You were on level 5 of the Dungeon.
You worshipped Ignis.
Ignis was extremely pleased with you.
You visited 2 branches of the dungeon, and saw 7 of its levels.

You collected 335 gold pieces.
You spent 323 gold pieces at shops.


Innate Abilities, Weirdness & Mutations

You have very sharp teeth.
Your uncanny sense of smell can sniff out nearby items.
Your experience applies equally to all skills.


   Skills:
 + Level 7.5 Fighting
 + Level 3.5 Short Blades
 + Level 3.5 Long Blades
 + Level 7.5 Axes
 + Level 3.5 Maces & Flails
 + Level 3.5 Polearms
 + Level 3.5 Staves
 + Level 3.5 Slings
 + Level 3.5 Bows
 + Level 3.5 Crossbows
 + Level 3.5 Throwing
 + Level 3.5 Armour
 + Level 3.5 Dodging
 + Level 3.5 Stealth
 + Level 3.5 Shields
 + Level 3.5 Unarmed Combat
 + Level 4.5 Spellcasting
 + Level 2.9 Conjurations
 + Level 2.9 Hexes
 + Level 2.9 Summonings
 + Level 2.9 Necromancy
 + Level 2.9 Translocations
 + Level 2.9 Transmutations
 + Level 6.2 Fire Magic
 + Level 2.9 Ice Magic
 + Level 2.9 Air Magic
 + Level 2.9 Earth Magic
 + Level 2.9 Poison Magic
 + Level 3.9 Invocations
 + Level 3.5 Evocations


You had 14 spell levels left.
You knew the following spells:

 Your Spells              Type           Power      Damage    Failure   Level
y - Scorch                Fire           40%        2d7       2%          2

Your spell library contained the following spells:

 Spells                   Type           Power      Damage    Failure   Level
 Confusing Touch          Hex            11%        N/A       17%         3
 Gell's Gravitas          Tloc           11%        N/A       17%         3
 Lesser Beckoning         Tloc           11%        N/A       17%         3
 Teleport Other           Tloc           11%        N/A       17%         3
 Yara's Violent Unravell  Hex/Tmut       5%         3d4       83%         5
 Enfeeble                 Hex            5%         N/A       100%        7

Inventory:

Hand Weapons
 a - a -1 hand axe of flaming
 k - a +0 flail of protection
 o - a +2 short sword of venom
 t - a +0 battleaxe (weapon)
Missiles
 j - 17 boomerangs
 m - 6 poisoned darts
Armour
 b - a +0 robe (worn)
Jewellery
 v - a +4 ring of evasion (right hand)
Wands
 l - a wand of flame (11)
 r - a wand of acid (4)
 x - a wand of iceblast (6)
Scrolls
 c - a scroll of enchant armour
 d - 2 scrolls of silence {!r}
 e - 2 scrolls of blinking
 f - 2 scrolls of fear
 g - a scroll of holy word
 h - 3 scrolls of teleportation {@r4}
 i - a scroll of magic mapping
 w - 2 scrolls of vulnerability {!r}
 y - a scroll of enchant weapon
 z - a scroll of amnesia
Potions
 n - a potion of lignification {unknown}
 p - 2 potions of might
 q - 2 potions of brilliance {unknown}
 s - 2 potions of curing {unknown}
 u - a potion of attraction {unknown}

Dungeon Overview and Level Annotations

Branches:
Dungeon (6/15)             Temple (1/1) D:4

Altars:
Ashenzari
Cheibriados
Elyvilon
Fedhas
Gozag
Hepliaklqana
Kikubaaqudgha
Makhleb
Nemelex Xobeh
Okawaru
Qazlal
Ru
Trog
Uskayaw
Vehumet
Wu Jian
Yredelemnul
Zin

▒.........▒ ▒.▒.▒........▒.▒.▒..
▒.........▒ ▒.▒.▒........▒.▒.▒..
▒.......<.▒ ▒.▒.▒........▒.▒.▒..
▒.........▒▒▒.▒.▒........▒.▒.▒..
▒.............▒.▒........▒.▒.▒..
▒.........▒▒▒▒▒.▒........▒.▒....
▒▒......▒.......▒........▒.▒....
▒......▒.▒▒▒▒▒...▒▒▒▒...▒.▒...)
▒....<.......▒g...........▒.▒▒▒
▒.........)..▒...▒▒▒▒...▒▒▒.▒▒▒
▒............▒...▒..........▒..
▒............▒...▒.▒.▒▒▒...▒▒.▒
▒............▒.......▒...▒..▒..
▒............▒.......▒..(▒..†..
▒.................▒▒▒▒...▒▒▒▒..
▒............▒▒....⌠.▒▒+▒▒.⌠▒..
▒▒▒▒▒▒▒......▒..............▒..


There were no monsters in sight!


Message History

The adder is heavily wounded.
The adder's fire resistance burns away.
Something hits you! Something hits you.
* * * LOW HITPOINT WARNING * * *
The adder misses you. Something hits you!
* * * LOW HITPOINT WARNING * * *
Something barely misses you. The adder bites you.
* * * LOW HITPOINT WARNING * * *
You are poisoned.
The adder poisons you!
You climb upwards.
Reactivating autopickup.
You feel sick.
There is a stone staircase leading down here.
You don't have enough magic to cast this spell.
You slash the adder!
You kill the adder!
You barely miss something.
You feel sick. Something hits you.
* * * LOW HITPOINT WARNING * * *
Deactivating autopickup; reactivate with Ctrl-A.
Unknown command.
You miss something.
You feel sick. Something hits you!
You die...

Action                   |  1- 3 |  4- 6 |  7- 9 || total
-------------------------+-------+-------+-------++-------
Melee: Hand axe          |    64 |    59 |    58 ||   181
       Bite              |     9 |     4 |    15 ||    28
       Battleaxe         |       |       |    40 ||    40
Throw: Dart              |     2 |       |     1 ||     3
       Boomerang         |     2 |       |       ||     2
 Cast: Scorch            |     3 |    13 |    49 ||    65
  Use: Potion            |     1 |       |       ||     1
       Scroll            |       |       |     7 ||     7
 Stab: Sleeping          |     1 |     1 |     1 ||     3
Armor: Robe              |    11 |    15 |    18 ||    44
Dodge: Dodged            |    31 |    32 |    94 ||   157

Levels and vault maps discovered:
D:1:      tarquinn_simple_flora_water_a, layout_basic
D:2:      layout_rooms, chequers_serial_rivers_micro_e, kennysheep_donut,
          st_stairs_2, uniq_terence
D:3:      layout_loops_ring, mainiacjoe_overflow_catch_the_wave,
          gammafunk_ghost_necromancy, ebering_ecumenical_altar_petrified,
          supply_closet_lemuel, uniq_grinder, uniq_sigmund, uniq_natasha
D:4:      layout_loops_corners, lemuel_crystal_altar,
          chequers_temple_overflow_statue_of_worship,
          minmay_temple_entry_large_hall
D:5:      layout_basic, evilmike_ruin_ashenzari, serial_shops, shop,
          serial_corexii_hall, chequers_hall_statues_corner_a,
          corexii_hall_statues_i, corexii_hall_statues_l
D:6:      layout_gridville, tso_metal_star, mainiacjoe_overflow_24_doors,
          serial_shops, nicolae_shop_window_shopping, uniq_eustachio,
          uniq_edmund
Temple:   minmay_temple_bridge_abc

Notes
Turn   | Place    | Note
-------+----------+-------------------------------------------
     0 | D:1      | sanka the Gnoll Cinder Acolyte began the quest for the Orb.
     0 | D:1      | Reached XP level 1. HP: 23/23 MP: 4/4
   470 | D:1      | Reached XP level 2. HP: 29/29 MP: 5/5
   967 | D:2      | Noticed Terence
  1011 | D:1      | Learned a level 2 spell: Scorch
  1273 | D:2      | HP: 1/29 [Terence/puff of flame (6)]
  1281 | D:2      | Killed Terence
  1282 | D:2      | Reached skill level 1 in Invocations
  1282 | D:2      | Reached XP level 3. HP: 20/35 MP: 4/7
  1642 | D:2      | Reached skill level 1 in Short Blades
  1642 | D:2      | Reached skill level 1 in Long Blades
  1642 | D:2      | Reached skill level 1 in Maces & Flails
  1642 | D:2      | Reached skill level 1 in Polearms
  1642 | D:2      | Reached skill level 1 in Staves
  1642 | D:2      | Reached skill level 1 in Slings
  1642 | D:2      | Reached skill level 1 in Bows
  1642 | D:2      | Reached skill level 1 in Crossbows
  1642 | D:2      | Reached skill level 1 in Throwing
  1642 | D:2      | Reached skill level 1 in Armour
  1642 | D:2      | Reached skill level 1 in Dodging
  1642 | D:2      | Reached skill level 1 in Stealth
  1642 | D:2      | Reached skill level 1 in Shields
  1642 | D:2      | Reached skill level 1 in Unarmed Combat
  1642 | D:2      | Reached skill level 1 in Evocations
  1866 | D:2      | Reached XP level 4. HP: 40/41 MP: 8/8
  1992 | D:3      | Reached skill level 3 in Spellcasting
  1992 | D:3      | Reached skill level 1 in Conjurations
  1992 | D:3      | Reached skill level 1 in Hexes
  1992 | D:3      | Reached skill level 1 in Summonings
  1992 | D:3      | Reached skill level 1 in Necromancy
  1992 | D:3      | Reached skill level 1 in Translocations
  1992 | D:3      | Reached skill level 1 in Transmutations
  1992 | D:3      | Reached skill level 1 in Ice Magic
  1992 | D:3      | Reached skill level 1 in Air Magic
  1992 | D:3      | Reached skill level 1 in Earth Magic
  1992 | D:3      | Reached skill level 1 in Poison Magic
  2195 | D:3      | Found a runed translucent gate.
  2195 | D:3      | Found a runed translucent gate.
  2195 | D:3      | Found a runed translucent gate.
  2201 | D:3      | Noticed kae's ghost (amateur TeFE)
  2296 | D:3      | Noticed Natasha
  2305 | D:3      | Killed Natasha
  2306 | D:3      | Reached XP level 5. HP: 47/47 MP: 4/9
  2395 | D:3      | Found a faded altar of an unknown god.
  2399 | D:3      | Noticed Grinder
  2416 | D:3      | Killed Grinder
  2417 | D:3      | Reached skill level 2 in Short Blades
  2417 | D:3      | Reached skill level 2 in Long Blades
  2417 | D:3      | Reached skill level 2 in Maces & Flails
  2417 | D:3      | Reached skill level 2 in Polearms
  2417 | D:3      | Reached skill level 2 in Staves
  2417 | D:3      | Reached skill level 2 in Slings
  2417 | D:3      | Reached skill level 2 in Bows
  2417 | D:3      | Reached skill level 2 in Crossbows
  2417 | D:3      | Reached skill level 2 in Throwing
  2417 | D:3      | Reached skill level 2 in Armour
  2417 | D:3      | Reached skill level 2 in Dodging
  2417 | D:3      | Reached skill level 2 in Stealth
  2417 | D:3      | Reached skill level 2 in Shields
  2417 | D:3      | Reached skill level 2 in Unarmed Combat
  2417 | D:3      | Reached skill level 2 in Invocations
  2417 | D:3      | Reached skill level 2 in Evocations
  2417 | D:3      | Reached XP level 6. HP: 34/53 MP: 0/11
  2600 | D:3      | Found a white marble altar of Elyvilon.
  2675 | D:3      | Found a glowing silver altar of Zin.
  2790 | D:3      | Noticed Sigmund
  2799 | D:3      | Killed Sigmund
  2800 | D:3      | Reached skill level 7 in Fighting
  2800 | D:3      | Reached skill level 7 in Axes
  2800 | D:3      | Reached XP level 7. HP: 50/60 MP: 3/12
  3218 | D:2      | Killed kae's ghost
  3219 | D:2      | Reached skill level 2 in Conjurations
  3219 | D:2      | Reached skill level 2 in Hexes
  3219 | D:2      | Reached skill level 2 in Summonings
  3219 | D:2      | Reached skill level 2 in Necromancy
  3219 | D:2      | Reached skill level 2 in Translocations
  3219 | D:2      | Reached skill level 2 in Transmutations
  3219 | D:2      | Reached skill level 2 in Ice Magic
  3219 | D:2      | Reached skill level 2 in Air Magic
  3219 | D:2      | Reached skill level 2 in Earth Magic
  3219 | D:2      | Reached skill level 2 in Poison Magic
  3581 | D:3      | Reached skill level 3 in Invocations
  3863 | D:4      | Reached skill level 4 in Spellcasting
  4019 | D:4      | Found a staircase to the Ecumenical Temple.
  4080 | Temple   | Entered the Ecumenical Temple
  4414 | D:4      | Found a bloodstained altar of Trog.
  4416 | D:4      | Found an ancient bone altar of Kikubaaqudgha.
  4872 | D:4      | Found an ornate altar of the Wu Jian Council.
  4966 | D:4      | Reached skill level 6 in Fire Magic
  4966 | D:4      | Reached XP level 8. HP: 45/67 MP: 14/14
  5197 | D:5      | Entered Level 5 of the Dungeon
  5253 | D:5      | Reached skill level 3 in Short Blades
  5253 | D:5      | Reached skill level 3 in Long Blades
  5253 | D:5      | Reached skill level 3 in Maces & Flails
  5253 | D:5      | Reached skill level 3 in Polearms
  5253 | D:5      | Reached skill level 3 in Staves
  5253 | D:5      | Reached skill level 3 in Slings
  5253 | D:5      | Reached skill level 3 in Bows
  5253 | D:5      | Reached skill level 3 in Crossbows
  5253 | D:5      | Reached skill level 3 in Throwing
  5253 | D:5      | Reached skill level 3 in Armour
  5253 | D:5      | Reached skill level 3 in Dodging
  5253 | D:5      | Reached skill level 3 in Stealth
  5253 | D:5      | Reached skill level 3 in Shields
  5253 | D:5      | Reached skill level 3 in Unarmed Combat
  5253 | D:5      | Reached skill level 3 in Evocations
  5386 | D:5      | Found Kifraed's Magic Scroll Shoppe.
  5568 | D:5      | Found a broken altar of Ashenzari.
  6364 | D:5      | Bought a scroll of blinking for 82 gold pieces
  6364 | D:5      | Bought a scroll of teleportation for 33 gold pieces
  6364 | D:5      | Bought a scroll of identify for 22 gold pieces
  6364 | D:5      | Bought a scroll of identify for 22 gold pieces
  6364 | D:5      | Bought a scroll of identify for 22 gold pieces
  6364 | D:5      | Bought a scroll of identify for 22 gold pieces
  6371 | D:5      | Bought a scroll of holy word for 82 gold pieces
  6371 | D:5      | Bought a scroll of amnesia for 38 gold pieces
  6416 | D:5      | Slain by an unseen horror

Vanquished Creatures
  Grinder (D:3)
  Sigmund (D:3)
  The ghost of kae the Firebug, an amateur TeFE of Sif Muna (D:2)
  A water moccasin (D:5)
  An ogre (D:5)
  A necrophage (D:4)
  4 scorpions (D:5)
  A water moccasin skeleton (D:3)
  2 bullfrog zombies (D:3)
  3 hounds
  A jelly (D:5)
  An orc priest (D:3)
  An iguana (D:5)
  Terence (D:2)
  Natasha (D:3)
  5 adders
  2 worms
  2 dart slugs (D:1)
  10 orcs
  7 endoplasms
  2 giant cockroaches
  8 goblins
  A hobgoblin (D:4)
  A jackal (D:2)
  4 kobolds
  3 quokkas
  6 ball pythons
  6 bats
  7 frilled lizards
  4 rats
89 creatures vanquished.

Vanquished Creatures (others)
  3 withered plants (D:3)
3 creatures vanquished.

Grand Total: 92 creatures vanquished
